MLB
ARIZONA DIAMONDBACKS @ ST. LOUIS CARDINALS
07/26/2098
 
TOP OF THE 1ST
Arizona Diamondbacks batting - Pitching for St. Louis Cardinals : RHP David Herman
Pitching: RHP David Herman
Batting: RHB Jesse Cavallaro 0-0: Ball
1-0: Ball
2-0: Called Strike
2-1: Called Strike
2-2: SINGLE (Line Drive, 8LS, EV 91.9 MPH)
Batting: SHB Jose Medina 0-0: Ball
1-0: Called Strike
1-1: Ball
2-1: Swinging Strike
2-2: SINGLE (Flyball, 9LS, EV 92.5 MPH)
Jesse Cavallaro to second
Batting: LHB Eddy Miramontes 0-0: Foul Ball, location: 2RF
0-1: Foul Ball, location: 2F
0-2: Fly out, F7 (Flyball, 7D, EV 107.5 MPH)
Batting: LHB Mike Tinder 0-0: Called Strike
0-1: Swinging Strike
0-2: Ball
1-2: 3-RUN HOME RUN (Flyball, 9D, EV 95.6 MPH), Distance : 369 ft
Batting: LHB Mario Valdez 0-0: Ball
1-0: Ball
2-0: Foul Ball, location: 25FF
2-1: Foul Ball, location: 25F
2-2: Foul Ball, location: 7LSF
2-2: Ball
3-2: Base on Balls
Batting: LHB Travis Lawlor 0-0: Ball
1-0: Swinging Strike
1-1: Foul Ball, location: 23F
1-2: Ball
2-2: Ball
3-2: Strikes out swinging
Batting: SHB Macario Castro 0-0: Called Strike
0-1: Fly out, F7 (Flyball, 7LM, EV 85.0 MPH)
Top of the 1st over - 3 runs, 3 hits, 0 errors, 1 left on base; Arizona 3 - St. Louis 0
BOTTOM OF THE 1ST
St. Louis Cardinals batting - Pitching for Arizona Diamondbacks : LHP Jay Meltzer
Pitching: LHP Jay Meltzer
Batting: RHB Jayden Whaley 0-0: Called Strike
0-1: Fly out, F8 (Flyball, 78D, EV 99.4 MPH)
Batting: RHB Jeff Saxton 0-0: Ball
1-0: Ground out 5-3 (Groundball, 56S, EV 85.0 MPH)
Batting: RHB Ryan Collier 0-0: Foul Ball, location: 2F
0-1: Ground out 3-1 (Groundball, 34, EV 108.8 MPH)
Bottom of the 1st over - 0 runs, 0 hits, 0 errors, 0 left on base; Arizona 3 - St. Louis 0
TOP OF THE 2ND
Arizona Diamondbacks batting - Pitching for St. Louis Cardinals : RHP David Herman
Batting: RHB Shawn Lindsey 0-0: Called Strike
0-1: Called Strike
0-2: Ball
1-2: Foul Ball, location: 9LSF
1-2: Ball
2-2: Foul Ball, location: 2F
2-2: Fly out, F8 (Line Drive, 8RD, EV 91.9 MPH)
Batting: LHB Alex Castro 0-0: Ball
1-0: Ball
2-0: Foul Ball, location: 5SF
2-1: Foul Ball, location: 2F
2-2: Ball
3-2: DOUBLE (Line Drive, 7LM, EV 106.9 MPH)
Batting: RHB Jesse Cavallaro 0-0: Ball
1-0: Ball
2-0: Swinging Strike
2-1: Ball
3-1: Foul Ball, location: 9LSF
3-2: Base on Balls
Batting: SHB Jose Medina 0-0: Ball
1-0: SINGLE (Line Drive, 8RS, EV 101.3 MPH)
Alex Castro to third
Jesse Cavallaro to second
Batting: LHB Eddy Miramontes 0-0: Ball
1-0: Ball
2-0: Called Strike
2-1: Ball
3-1: Base on Balls
Alex Castro scores
Jesse Cavallaro to third
Jose Medina to second
Batting: LHB Mike Tinder 0-0: Called Strike
0-1: Swinging Strike
0-2: Ball
1-2: Strikes out looking
Batting: LHB Mario Valdez 0-0: Ball
1-0: Ball
2-0: Foul Ball, location: 7LSF
2-1: Ball
3-1: Foul Ball, location: 2F
3-2: Fly out, F9 (Flyball, 89S, EV 90.6 MPH)
Top of the 2nd over - 1 run, 2 hits, 0 errors, 3 left on base; Arizona 4 - St. Louis 0
BOTTOM OF THE 2ND
St. Louis Cardinals batting - Pitching for Arizona Diamondbacks : LHP Jay Meltzer
Batting: RHB Jesus Guzman 0-0: Ball
1-0: Swinging Strike
1-1: Foul Ball, location: 2F
1-2: Foul Ball, location: 3F
1-2: Ball
2-2: Foul Ball, location: 9LSF
2-2: Strikes out swinging
Batting: LHB Jeremiah Ford 0-0: Foul Ball, location: 3F
0-1: Foul Ball, location: 9LDF
0-2: Fly out, F5 (Popup, 56S, EV 79.4 MPH)
Batting: RHB Butch Arnett 0-0: Ball
1-0: Called Strike
1-1: Called Strike
1-2: Foul Ball, location: 2F
1-2: SINGLE (Groundball, 34D, EV 96.9 MPH)
Batting: RHB David Martinez 0-0: Called Strike
0-1: Ball
1-1: Ball
2-1: Swinging Strike
2-2: Strikes out swinging
Bottom of the 2nd over - 0 runs, 1 hit, 0 errors, 1 left on base; Arizona 4 - St. Louis 0
TOP OF THE 3RD
Arizona Diamondbacks batting - Pitching for St. Louis Cardinals : RHP David Herman
Batting: LHB Travis Lawlor 0-0: Ball
1-0: Ball
2-0: Ball
3-0: Foul Ball, location: 2F
3-1: Foul Ball, location: 5DF
3-2: Ground out 4-3 (Groundball, 4D, EV 96.3 MPH)
Batting: SHB Macario Castro 0-0: Ball
1-0: Called Strike
1-1: Called Strike
1-2: Foul Ball, location: 9LSF
1-2: Foul Ball, location: 9LMF
1-2: Ball
2-2: Ball
3-2: SOLO HOME RUN (Flyball, 9D, EV 96.9 MPH), Distance : 363 ft
Pitching: LHP Edarian Anderson
Batting: RHB Shawn Lindsey 0-0: Ball
1-0: Ground out 5-3 (Groundball, 56S, EV 87.5 MPH)
Batting: LHB Alex Castro 0-0: Foul Ball, location: 7LDF
0-1: Foul Ball, location: 3F
0-2: Ball
1-2: Foul Ball, location: 7LMF
1-2: Ball
2-2: Foul Ball, location: 9LDF
2-2: Ground out 6-3 (Groundball, 6, EV 89.4 MPH)
Top of the 3rd over - 1 run, 1 hit, 0 errors, 0 left on base; Arizona 5 - St. Louis 0
BOTTOM OF THE 3RD
St. Louis Cardinals batting - Pitching for Arizona Diamondbacks : LHP Jay Meltzer
Batting: RHB Brodie Herian 0-0: Called Strike
0-1: Called Strike
0-2: Strikes out swinging
Batting: LHB Brett Rinehart 0-0: Foul Ball, location: 2F
0-1: Ball
1-1: Foul Ball, location: 2F
1-2: Ball
2-2: Strikes out swinging
Batting: RHB Jayden Whaley 0-0: Ground out 5-3 (Groundball, 5S, EV 87.5 MPH)
Bottom of the 3rd over - 0 runs, 0 hits, 0 errors, 0 left on base; Arizona 5 - St. Louis 0
TOP OF THE 4TH
Arizona Diamondbacks batting - Pitching for St. Louis Cardinals : LHP Edarian Anderson
Batting: RHB Jesse Cavallaro 0-0: Ball
1-0: Foul Ball, location: 25F
1-1: Fly out, F9 (Flyball, 89D, EV 105.6 MPH)
Batting: SHB Jose Medina 0-0: Ball
1-0: Foul Ball, location: 23F
1-1: Fly out, F7 (Flyball, 7S, EV 81.9 MPH)
Batting: LHB Eddy Miramontes 0-0: Fly out, F8 (Flyball, 8RM, EV 79.4 MPH)
Top of the 4th over - 0 runs, 0 hits, 0 errors, 0 left on base; Arizona 5 - St. Louis 0
BOTTOM OF THE 4TH
St. Louis Cardinals batting - Pitching for Arizona Diamondbacks : LHP Jay Meltzer
Batting: RHB Jeff Saxton 0-0: Called Strike
0-1: Called Strike
0-2: Foul Ball, location: 3F
0-2: Strikes out swinging
Batting: RHB Ryan Collier 0-0: Ball
1-0: Ball
2-0: Called Strike
2-1: Foul Ball, location: 7LDF
2-2: Ball
3-2: Foul Ball, location: 2F
3-2: Foul Ball, location: 2F
3-2: Foul Ball, location: 9LDF
3-2: Base on Balls
Batting: RHB Jesus Guzman 0-0: Called Strike
0-1: Foul Ball, location: 9LSF
0-2: Ball
1-2: Ball
2-2: Foul Ball, location: 23F
2-2: Grounds into double play, 6-4-3 (Groundball, 6, EV 102.5 MPH)
Bottom of the 4th over - 0 runs, 0 hits, 0 errors, 0 left on base; Arizona 5 - St. Louis 0
TOP OF THE 5TH
Arizona Diamondbacks batting - Pitching for St. Louis Cardinals : LHP Edarian Anderson
Batting: LHB Mike Tinder 0-0: Called Strike
0-1: Foul Ball, location: 2F
0-2: Ball
1-2: Ball
2-2: Fly out, F1 (Popup, 15, EV 78.8 MPH)
Batting: LHB Mario Valdez 0-0: Ball
1-0: Fly out, F8 (Flyball, 8RM, EV 84.4 MPH)
Batting: LHB Travis Lawlor 0-0: Called Strike
0-1: Foul Ball, location: 5FF
0-2: Ball
1-2: Ball
2-2: Ball
3-2: Foul Ball, location: 7LDF
3-2: Strikes out swinging
Top of the 5th over - 0 runs, 0 hits, 0 errors, 0 left on base; Arizona 5 - St. Louis 0
BOTTOM OF THE 5TH
St. Louis Cardinals batting - Pitching for Arizona Diamondbacks : LHP Jay Meltzer
Batting: LHB Jeremiah Ford 0-0: Called Strike
0-1: Ball
1-1: Foul Ball, location: 7LMF
1-2: SINGLE (Groundball, 6MD, EV 111.3 MPH)
Batting: RHB Butch Arnett 0-0: Ball
1-0: Ball
2-0: Ball
3-0: Called Strike
3-1: Base on Balls
Jeremiah Ford to second
Batting: RHB David Martinez 0-0: Called Strike
0-1: Ball
1-1: Fly out, F9 (Flyball, 9, EV 96.9 MPH)
Batting: RHB Brodie Herian 0-0: Called Strike
0-1: Called Strike
0-2: Ball
1-2: Strikes out swinging
Batting: LHB Brett Rinehart 0-0: Foul Ball, location: 2F
0-1: Swinging Strike
0-2: Ball
1-2: Ball
2-2: Ball
3-2: Fly out, F6 (Popup, 6MD, EV 54.4 MPH)
Bottom of the 5th over - 0 runs, 1 hit, 0 errors, 2 left on base; Arizona 5 - St. Louis 0
TOP OF THE 6TH
Arizona Diamondbacks batting - Pitching for St. Louis Cardinals : LHP Edarian Anderson
Batting: SHB Macario Castro 0-0: Called Strike
0-1: Swinging Strike
0-2: Strikes out swinging
Batting: RHB Shawn Lindsey 0-0: Fly out, F4 (Popup, 4, EV 58.8 MPH)
Batting: LHB Alex Castro 0-0: Foul Ball, location: 2F
0-1: Ball
1-1: Ball
2-1: Ball
3-1: Ground out 4-3 (Groundball, 4, EV 105.0 MPH)
Top of the 6th over - 0 runs, 0 hits, 0 errors, 0 left on base; Arizona 5 - St. Louis 0
BOTTOM OF THE 6TH
St. Louis Cardinals batting - Pitching for Arizona Diamondbacks : LHP Jay Meltzer
Batting: RHB Jayden Whaley 0-0: Called Strike
0-1: Ball
1-1: Ball
2-1: Foul Ball, location: 2F
2-2: Foul Ball, location: 2F
2-2: Ground out 5-3 (Groundball, 56S, EV 75.0 MPH)
Batting: RHB Jeff Saxton 0-0: Called Strike
0-1: Ball
1-1: Ball
2-1: Swinging Strike
2-2: Ball
3-2: Strikes out swinging
Batting: RHB Ryan Collier 0-0: SINGLE (Groundball, 6MD, EV 96.3 MPH)
Batting: RHB Jesus Guzman 0-0: Fielders Choice at 2nd, 6-4 (Groundball, 6, EV 80.0 MPH)
Bottom of the 6th over - 0 runs, 1 hit, 0 errors, 1 left on base; Arizona 5 - St. Louis 0
TOP OF THE 7TH
Arizona Diamondbacks batting - Pitching for St. Louis Cardinals : LHP Edarian Anderson
Batting: RHB Jesse Cavallaro 0-0: Called Strike
0-1: Foul Ball, location: 25F
0-2: Ball
1-2: Ball
2-2: Ball
3-2: Ground out 6-3 (Groundball, 6S, EV 71.9 MPH)
Batting: SHB Jose Medina 0-0: Ground out 5-3 (Groundball, 56, EV 81.3 MPH)
Batting: LHB Eddy Miramontes 0-0: Called Strike
0-1: Ball
1-1: Ball
2-1: Foul Ball, location: 25F
2-2: Ball
3-2: Foul Ball, location: 5F
3-2: SINGLE (Line Drive, 8LS, EV 89.4 MPH)
Pitching: RHP Curtis Genereux
Batting: LHB Mike Tinder 0-0: Foul Ball, location: 3DF
0-1: Ball
1-1: Ball
2-1: Reached on error, E8 (Flyball, 8LD, EV 88.8 MPH)
Eddy Miramontes to third
Batting: LHB Mario Valdez 0-0: Called Strike
0-1: Ball
1-1: Called Strike
1-2: Ball
2-2: Ground out 4-3 (Groundball, 4, EV 93.8 MPH)
Top of the 7th over - 0 runs, 1 hit, 1 error, 2 left on base; Arizona 5 - St. Louis 0
BOTTOM OF THE 7TH
St. Louis Cardinals batting - Pitching for Arizona Diamondbacks : LHP Jay Meltzer
Batting: LHB Jeremiah Ford 0-0: Ball
1-0: Foul Ball, location: 25FF
1-1: Ball
2-1: Ball
3-1: Ground out U3 (Groundball, 13, EV 80.6 MPH)
Batting: RHB Butch Arnett 0-0: Ball
1-0: Foul Ball, location: 9LDF
1-1: Swinging Strike
1-2: Foul Ball, location: 2RF
1-2: Ball
2-2: Foul Ball, location: 3DF
2-2: Hit by Pitch
Pitching: LHP Kenny Bollinger
Batting: RHB David Martinez 0-0: Ball
1-0: Swinging Strike
1-1: Ball
2-1: Called Strike
2-2: Fielders Choice at 2nd, 5-4 (Groundball, 5, EV 79.4 MPH)
Batting: RHB Brodie Herian 0-0: Ball
1-0: Ball
2-0: Ball
3-0: Called Strike
3-1: Called Strike
3-2: Foul Ball, location: 3F
3-2: Strikes out looking
Bottom of the 7th over - 0 runs, 0 hits, 0 errors, 1 left on base; Arizona 5 - St. Louis 0
TOP OF THE 8TH
Arizona Diamondbacks batting - Pitching for St. Louis Cardinals : RHP Curtis Genereux
Batting: LHB Travis Lawlor 0-0: Ball
1-0: Called Strike
1-1: Swinging Strike
1-2: Ball
2-2: Fly out, F9 (Flyball, 89M, EV 89.4 MPH)
Batting: SHB Macario Castro 0-0: Ball
1-0: Swinging Strike
1-1: SINGLE (Line Drive, 56D, EV 108.1 MPH)
Batting: RHB Shawn Lindsey 0-0: Ball
1-0: Fly out, F7 (Flyball, 78M, EV 81.9 MPH)
Batting: LHB Alex Castro 0-0: Ball
1-0: Foul Ball, location: 2F
1-1: Foul Ball, location: 7LDF
1-2: Fielders Choice at 2nd, 6-4 (Groundball, 6, EV 81.3 MPH)
Top of the 8th over - 0 runs, 1 hit, 0 errors, 1 left on base; Arizona 5 - St. Louis 0
BOTTOM OF THE 8TH
St. Louis Cardinals batting - Pitching for Arizona Diamondbacks : LHP Kenny Bollinger
Batting: LHB Brett Rinehart 0-0: Ball
1-0: SINGLE (Groundball, 4D, EV 109.4 MPH)
Batting: RHB Jayden Whaley 0-0: Swinging Strike
0-1: Swinging Strike
0-2: Ball
1-2: Strikes out swinging
Pitching: RHP James Gallegos
Pinch Hitting: SHB Bryan Smolka 0-0: Ball
1-0: Ball
2-0: Ball
3-0: Called Strike
3-1: SINGLE (Flyball, 7LS, EV 93.8 MPH)
Brett Rinehart to second
Batting: RHB Ryan Collier 0-0: Called Strike
0-1: Ball
1-1: Foul Ball, location: 9LDF
1-2: Ball
2-2: Strikes out swinging
Batting: RHB Jesus Guzman 0-0: Fly out, F5 (Popup, 5SF, EV 65.0 MPH)
Bottom of the 8th over - 0 runs, 2 hits, 0 errors, 2 left on base; Arizona 5 - St. Louis 0
TOP OF THE 9TH
Arizona Diamondbacks batting - Pitching for St. Louis Cardinals : RHP Curtis Genereux
Now in LF: David Martinez
Now in RF: Bryan Smolka
Batting: RHB Jesse Cavallaro 0-0: Ball
1-0: Ball
2-0: Called Strike
2-1: Swinging Strike
2-2: Ball
3-2: Foul Ball, location: 2F
3-2: Base on Balls
Batting: SHB Jose Medina 0-0: Called Strike
0-1: Foul Ball, location: 23F
0-2: Ball
1-2: Strikes out looking
Batting: LHB Eddy Miramontes 0-0: Ball
1-0: Ball
2-0: Ball
3-0: Fielders Choice at 2nd, 1-6 (Groundball, 13S, EV 68.8 MPH)
Pitching: LHP Ivan Espinosa
Batting: LHB Mike Tinder 0-0: Ball
1-0: Ball
2-0: Called Strike
2-1: Ball
3-1: Called Strike
3-2: Fly out, F5 (Popup, 5SF, EV 83.1 MPH)
Top of the 9th over - 0 runs, 0 hits, 0 errors, 1 left on base; Arizona 5 - St. Louis 0
BOTTOM OF THE 9TH
St. Louis Cardinals batting - Pitching for Arizona Diamondbacks : RHP James Gallegos
Pitching: LHP Frank Ippolito
Batting: LHB Jeremiah Ford 0-0: Foul Ball, location: 9LSF
0-1: Ground out 6-3 (Groundball, 6, EV 91.9 MPH)
Batting: RHB Butch Arnett 0-0: Ball
1-0: Ball
2-0: Ball
3-0: Base on Balls
Batting: RHB David Martinez 0-0: Ball
1-0: Called Strike
1-1: Foul Ball, location: 2F
1-2: Ball
2-2: Strikes out swinging
Batting: RHB Brodie Herian 0-0: Called Strike
0-1: Called Strike
0-2: Ball
1-2: Foul Ball, location: 9LSF
1-2: Foul Ball, location: 2F
1-2: Foul Ball, location: 5F
1-2: Ball
2-2: Ball
3-2: Strikes out swinging
Bottom of the 9th over - 0 runs, 0 hits, 0 errors, 1 left on base; Arizona 5 - St. Louis 0
Wednesday, April 10th , 2024 - OOTP Baseball 24.11 Build 85